Map: Eternal Empire LE

Players

Ratl - Winner!

  • Race: Protoss Protoss
  • League: Silver
  • Spawn Location: 7:00

VOD

Have the link to the VOD?

Description

Time

  • Played on: Jan. 14, 2020, 10:55 a.m.
  • Length: 18:19
Show
View Real Time Build Order
Export as new Build Order

Ratl Protoss - Winner!

Build Orders:  

Get SALT Encoding   

  12  0:06  Probe (Chrono Boost)  
  13  0:23  Probe (Chrono Boost)  
  13  0:25  Pylon  
  14  0:39  Probe (Chrono Boost)  
  15  0:55  Gateway  
  15  0:57  Probe (Chrono Boost)  
  15  1:09  Probe (Chrono Boost)  
  17  1:27  Gateway  
  17  1:36  Assimilator  
  18  1:41  Probe (Chrono Boost)  
  18  1:51  Pylon  
  18  1:53  Assimilator  
  18  1:58  Probe (Chrono Boost)  
  19  2:08  Cybernetics Core  
  19  2:15  Probe (Chrono Boost)  
  21  2:32  Probe (Chrono Boost)  
  21  2:35  Pylon  
  21  2:49  Probe (Chrono Boost)  
  22  2:58  Stalker x2  
  26  3:12  Probe (Chrono Boost)  
  27  3:28  Probe  
  28  3:49  Nexus  
  28  3:54  Probe  
  29  4:11  Probe  
  29  4:12  Stargate  
  29  4:17  Stalker  
  32  4:27  Probe  
  32  4:28  Warp Gate (Chrono Boost)  
  33  4:46  Probe  
  34  5:03  Probe  
  35  5:20  Probe  
  36  5:37  Probe  
  36  5:38  Pylon  
  37  5:40  Stargate  
  37  5:41  Probe  
  38  5:54  Probe  
  38  5:57  Probe  
  40  6:02  Void Ray  
  40  6:03  Protoss Air Weapons Level 1 (Chrono Boost)  
  40  6:05  Stalker  
  46  6:11  Probe  
  47  6:25  Assimilator  
  47  6:27  Pylon  
  47  6:28  Probe x2  
  49  6:30  Assimilator  
  49  6:43  Void Ray  
  49  6:45  Probe x2  
  55  6:57  Stalker  
  55  6:58  Zealot  
  59  7:02  Probe x2  
  61  7:19  Probe x2  
  63  7:29  Robotics Facility  
  63  7:36  Probe x2  
  65  7:40  Stalker  
  65  7:41  Stalker  
  69  8:03  Pylon  
  69  8:12  Pylon  
  69  8:14  Probe  
  69  8:19  Pylon  
  70  8:28  Probe  
  71  8:31  Probe  
  72  8:45  Probe  
  57  9:44  Void Ray x2  
  57  9:46  Stalker x2  
  69  9:52  Probe  
  69  9:53  Probe  
  71  10:09  Probe  
  72  10:10  Probe  
  72  10:17  Nexus  
  72  10:18  Gateway x2  
  73  10:20  Assimilator  
  73  10:24  Gateway  
  73  10:25  Assimilator  
  73  10:27  Pylon  
  73  10:31  Pylon  
  73  10:32  Pylon, Twilight Council  
  73  10:35  Warp Prism  
  73  10:39  Stalker x2  
  79  11:01  Void Ray x2  
  87  11:17  Probe x2  
  89  11:25  Immortal  
  89  11:27  Stargate  
  89  11:28  Stargate  
  93  11:31  Fleet Beacon  
  93  11:34  Probe x2  
  95  11:46  Stalker  
  95  11:47  Stalker  
  95  11:48  Stalker x2  
  95  11:49  Zealot  
  105  12:01  Void Ray  
  109  12:37  Stalker x2  
  109  12:38  Zealot x3  
  89  13:23  Stalker x3  
  81  13:44  Void Ray x4  
  81  13:49  Stalker x3  
  97  14:31  Stalker  
  97  14:33  Zealot x4  
  105  14:44  Void Ray x2  
  107  15:09  Void Ray x2  
  115  15:19  Probe  
  93  15:20  Probe x2  
  118  15:36  Probe x2  
  118  15:37  Probe  
  121  15:43  Void Ray  
  125  15:53  Probe x3  
  124  16:27  Void Ray x2  
  132  17:15  Nexus  
  132  17:19  Pylon, Unknown  
  132  17:21  Pylon  
  132  17:24  Pylon x2  
  132  17:28  Pylon  
Tags
 
Add a new tag
Caveats
  • Supply blocks, unpowered buildings, or Contaminate may cause inaccurate times.
  • Supply counts are checked every 10 seconds.